 Dungeon Crawl Stone Soup version 0.30-a0-54-g2e61a25929 (webtiles) character file.

Game seed: 3400006953759818459

12979 TrveKvltVest666 the Spear-Bearer (level 11, -1/87 HPs)
             Began as a Demonspawn Abyssal Knight on Sept 8, 2022.
             Was a High Priest of Lugonu.
             Slain by a manticore (8 damage)
             ... on level 12 of the Dungeon.
             The game lasted 01:34:16 (15327 turns).

TrveKvltVest666 the Spear-Bearer (DsAK)            Turns: 15327, Time: 01:34:16

Health: -1/87      AC: 26    Str: 28    XL:     11   Next: 69%
Magic:  14/14      EV:  9    Int: 12    God:    Lugonu [*****.]
Gold:   678        SH:  0    Dex: 12    Spells: 11/14 levels left

rFire   . . .      SeeInvis +    x - +9 halberd "Zoytz" {vorpal, Str+4}
rCold   + . .      Faith    .    (shield currently unavailable)
rNeg    . . .      Spirit   .    l - +1 plate armour
rPois   .          Reflect  .    (helmet restricted)
rElec   .          Harm     .    L - +2 cloak {Stlth+}
rCorr   .          Rampage  .    c - +1 pair of gloves
Will    .....                    (no boots)
Stlth   ..........               (no amulet)
HPRegen 0.24/turn                A - +3 ring of strength
MPRegen 0.14/turn                Q - ring of protection from cold

@: spiked, sanguine armoured
A: horns 2, foul stench 2, spiny 2, sanguine armour 1, see invisible, mutation
resistance 1, strong 1, sturdy frame 1
a: Renounce Religion, Depart the Abyss, Bend Space, Banish, Corrupt, Enter the
Abyss


You were on level 12 of the Dungeon.
You worshipped Lugonu.
Lugonu was extremely pleased with you.
You visited 2 branches of the dungeon, and saw 13 of its levels.
You visited the Abyss 1 time.
You also visited: Ice Cave.

You collected 828 gold pieces.
You spent 150 gold pieces at shops.

Inventory:

Hand Weapons
 a - a +2 mace
 q - a +0 arbalest
 x - the +9 halberd "Zoytz" (weapon) {vorpal, Str+4}
   (You took it off a hobgoblin on level 4 of the Dungeon)

   It inflicts extra damage upon your enemies.
   Str:       It affects your strength (+4).
 G - a +2 dagger of venom
 P - a +3 dagger of chaos
 T - a +4 scimitar of flaming
Missiles
 g - 182 stones
 u - 60 poisoned darts
Armour
 c - a +1 pair of gloves (worn)
 i - a +0 scale mail
 l - a +1 plate armour (worn)
 t - a +1 pair of gloves
 w - a +0 ring mail
 z - a +0 pair of gloves
 E - a +0 ring mail
 F - a +0 pair of boots
 L - a +2 cloak of stealth (worn)
 U - a +1 robe of willpower
 X - +0 acid dragon scales
Magical Staves
 m - a staff of earth
 Y - a staff of death
Jewellery
 f - a ring of willpower
 A - a +3 ring of strength (left hand)
 Q - a ring of protection from cold (right hand)
Wands
 j - a wand of mindburst (5)
 C - a wand of polymorph (21)
 D - a wand of roots (10)
 N - a wand of acid (8)
 O - a wand of charming (5)
 V - a wand of flame (10)
Scrolls
 b - 3 scrolls of teleportation
 d - 4 scrolls of identify
 n - 2 scrolls of noise
 r - a scroll of vulnerability
 y - a scroll of fear
 H - a scroll of amnesia
 I - 2 scrolls of magic mapping
 M - a scroll of butterflies
Potions
 e - 3 potions of brilliance
 h - 3 potions of magic
 o - a potion of resistance
 p - a potion of haste
 s - 3 potions of invisibility
 v - a potion of ambrosia
 B - a potion of berserk rage
 J - a potion of might
 K - 2 potions of mutation
 R - 2 potions of degeneration (quivered) {unknown}
 S - 2 potions of attraction


   Skills:
 * Level 8.5 Fighting
 - Level 4.2 Maces & Flails
 * Level 11.3 Polearms
 + Level 8.4 Armour
 - Level 1.3 Dodging
 - Level 2.1 Spellcasting
 * Level 3.0 Necromancy
 - Level 5.0 Invocations
 - Level 4.0 Evocations


You had 11 spell levels left.
You knew the following spells:

 Your Spells              Type           Power      Damage    Failure   Level
a - Vampiric Draining     Necr           8%         2d6       78%         3

Your spell library contained the following spells:

 Spells                   Type           Power      Damage    Failure   Level
 Necrotise                Necr           32%        1d5       41%         1
 Sublimation of Blood     Necr           8%         N/A       54%         2
 Apportation              Tloc           2%         N/A       83%         1
 Foxfire                  Conj/Fire      4%         2x1d4     83%         1
 Freeze                   Ice            4%         1d3       83%         1
 Magic Dart               Conj           4%         1d3       83%         1
 Shock                    Conj/Air       4%         1d3       83%         1
 Slow                     Hex            4%         N/A       83%         1
 Summon Small Mammal      Summ           4%         N/A       83%         1
 Call Imp                 Summ           1%         N/A       92%         2
 Wereblood                Tmut           1%         N/A       92%         2
 Call Canine Familiar     Summ           1%         N/A       99%         3
 Conjure Flame            Conj/Fire      1%         6-21      99%         3
 Gell's Gravitas          Tloc           1%         N/A       99%         3
 Ignite Poison            Fire/Tmut/Pois 1%         N/A       99%         3
 Inner Flame              Hex/Fire       1%         N/A       99%         3
 Mephitic Cloud           Conj/Pois/Air  1%         N/A       99%         3
 Summon Guardian Golem    Hex/Summ       1%         N/A       99%         3
 Teleport Other           Tloc           1%         N/A       99%         3
 Flame Wave               Conj/Fire      1%         2d4       100%        4
 Fulminant Prism          Conj/Hex       0%         3d6       100%        4
 Iskenderun's Mystic Bla  Conj/Tloc      1%         2d3       100%        4
 Agony                    Necr           8%         N/A       100%        5
 Alistair's Intoxication  Tmut/Pois      0%         N/A       100%        5
 Freezing Cloud           Conj/Ice/Air   0%         6-21      100%        5
 Lee's Rapid Deconstruct  Erth           0%         3d5*      100%        5
 Dispersal                Tloc           0%         N/A       100%        6
 Summon Hydra             Summ           0%         N/A       100%        7
 Chain Lightning          Conj/Air       0%         2d1       100%        9
 Fire Storm               Conj/Fire      0%         6d1       100%        9
 Shatter                  Erth           0%         3d5*      100%        9


Dungeon Overview and Level Annotations

Branches:
Dungeon (12/15)            Temple (1/1) D:7            Lair (0/5) D:8
    Orc (0/2) D:10          IceCv (visited)

Altars:
Cheibriados
Dithmenos
Fedhas
Gozag
Hepliaklqana
Kikubaaqudgha
Makhleb
Nemelex Xobeh
Okawaru
Qazlal
Ru
Sif Muna
Trog
Uskayaw
Vehumet
Wu Jian
Xom
Yredelemnul

Shops:
D:2 [   D:4 :   D:6 =   D:8 (   D:10 (   D:12 ?


Innate Abilities, Weirdness & Mutations

You have a pair of horns on your head.
You sometimes emit foul miasma when damaged in melee.
You are mostly covered in sharp spines.
When seriously injured, your blood forms armour. (AC +6)
You have supernaturally acute eyesight. (SInv)
You are somewhat resistant to further mutation.
Your muscles are strong. (Str +4, Int/Dex -1)
Your movements are slightly less encumbered by armour. (ER -2)


Message History

The barbed spikes dig painfully into your body as you move.
The barbed spikes dig painfully into your body as you move.
The barbed spikes dig painfully into your body as you move.
The barbed spikes dig painfully into your body as you move.
The manticore flicks its tail.
The volley of spikes hits you!
The barbed spikes become lodged in your body.
Your blood congeals into armour.
The barbed spikes dig painfully into your body as you move.
The barbed spikes dig painfully into your body as you move.
The barbed spikes dig painfully into your body as you move.
The barbed spikes dig painfully into your body as you move.
You feel much better.
Your blood armour dries and flakes away.
The manticore flicks its tail.
The volley of spikes hits you.
The barbed spikes become lodged in your body.
Your blood congeals into armour.
The barbed spikes dig painfully into your body as you move.
The manticore flicks its tail.
The volley of spikes hits you!
The barbed spikes become lodged in your body.
The barbed spikes dig painfully into your body as you move.
The manticore closely misses you. The manticore claws you!
You emit a cloud of foul miasma!
The manticore claws you but does no damage.
The barbed spikes dig painfully into your body as you move.
* * * LOW HITPOINT WARNING * * *
The manticore is engulfed in dark miasma.
The manticore is poisoned.
The manticore is struck by your spines. The manticore bites you!
* * * LOW HITPOINT WARNING * * *
The manticore claws you.
* * * LOW HITPOINT WARNING * * *
The manticore claws you but does no damage.
You barely miss the manticore.
The manticore is moderately wounded.
The manticore is engulfed in dark miasma.
The manticore looks even sicker.
The manticore bites you!
You die...

.....##......#
#.#
.....##......#
#.#
####.##......#
#.#
.....##......#
#.#
.....#########
###.# .....#
#...# ######
#.### ###.#
#@..# #H###
#.# #.#
#####.#
#≈≈≈..#
#≈≈H≈≈##
#≈~∩≈≈#
#..≈≈.≈≈#


You could see a manticore (very poisoned).

Vanquished Creatures
  A hydra (D:11)
  A boulder beetle (D:11)
  Erica (D:9)
  2 two-headed ogres
  A cyclops (D:11)
  2 gargoyles (D:11)
  Maurice (D:8)
  Psyche (D:8)
  3 komodo dragons (D:8)
  A troll (D:10)
  Grinder (D:4)
  A hornet (D:10)
  A shadow (D:10)
  3 yaks (D:11)
  A basilisk (D:8)
  2 wyverns
  A wraith (D:10)
  A vampire mosquito (D:12)
  Grum (D:8)
  A steam dragon (D:10)
  A warg (D:10)
  3 acid dragons
  A water moccasin (D:8)
  7 orc warriors
  3 sky beasts
  2 black bears (D:5)
  An ice beast (D:5)
  7 ogres
  4 wolves (D:8)
  4 centaurs
  4 kobold brigands
  2 phantoms (D:5)
  4 bullfrogs
  A necrophage (D:7)
  A gnoll sergeant (D:7)
  3 scorpions
  3 killer bees (D:9)
  2 howler monkeys
  5 hounds
  2 gnoll boudas
  12 orc priests
  2 iguanas (D:7)
  16 orc wizards
  A mummy (D:10)
  10 adders
  29 gnolls
  A shadow imp (D:6)
  2 white imps
  2 ufetubi
  2 worms (D:3)
  47 orcs
  6 ball pythons
  5 bats
  7 endoplasms
  8 giant cockroaches
  6 goblins
  11 hobgoblins
  6 jackals
  4 quokkas (D:6)
  3 frilled lizards
  20 kobolds
  4 rats
  A bush (D:1)
292 creatures vanquished.

Vanquished Creatures (others)
  A basilisk (D:8)
  2 fungi (D:6)
  4 toadstools (D:1)
7 creatures vanquished.

Grand Total: 299 creatures vanquished

Notes
Turn   | Place    | Note
-------+----------+-------------------------------------------
     0 | Abyss:1  | TrveKvltVest666 the Demonspawn Abyssal Knight began the
                  | quest for the Orb.
     0 | Abyss:1  | Reached XP level 1. HP: 18/18 MP: 2/2
    41 | D:1      | Escaped the Abyss
   303 | D:1      | Gained mutation: You may rarely emit foul miasma when
                  | damaged in melee. [demonic ancestry]
   303 | D:1      | Reached XP level 2. HP: 14/24 MP: 3/3
  1218 | D:2      | Reached skill level 1 in Dodging
  1218 | D:2      | Gained mutation: You are partially covered in sharp spines.
                  | [demonic ancestry]
  1218 | D:2      | Reached XP level 3. HP: 29/29 MP: 4/4
  1637 | D:2      | HP: 1/29 [gnoll/+0 spear (2)]
  1645 | D:2      | Gained mutation: You have a pair of small horns on your
                  | head. [demonic ancestry]
  1645 | D:2      | Reached XP level 4. HP: 9/36 MP: 5/5
  2018 | D:2      | Found Ompoyzop's Armour Shop.
  2287 | D:3      | Reached XP level 5. HP: 42/42 MP: 6/6
  2480 | D:3      | Found an iron altar of Okawaru.
  2708 | D:3      | Reached *** piety under Lugonu
  2853 | D:4      | Found Morph's Book Shoppe.
  3243 | D:4      | Gained mutation: You are mostly covered in sharp spines.
                  | [demonic ancestry]
  3243 | D:4      | Reached XP level 6. HP: 48/48 MP: 7/7
  3298 | D:4      | Noticed Grinder
  3307 | D:4      | Paralysed by Grinder for 2 turns
  3310 | D:4      | Paralysed by Grinder for 3 turns
  3318 | D:4      | Killed Grinder
  3319 | D:4      | Reached skill level 1 in Spellcasting
  3396 | D:4      | Gained mutation: You sometimes emit foul miasma when
                  | damaged in melee. [demonic ancestry]
  3396 | D:4      | Reached XP level 7. HP: 29/55 MP: 9/9
  3744 | D:4      | Identified the +9 halberd "Zoytz" {vorpal, Str+4}
  3996 | D:4      | Found a hazy altar of Hepliaklqana.
  4606 | D:5      | Entered Level 5 of the Dungeon
  4643 | D:5      | Reached skill level 5 in Armour
  4648 | D:5      | Learned a level 1 spell: Magic Dart
  4925 | D:5      | Reached skill level 1 in Polearms
  4949 | D:5      | Reached skill level 5 in Fighting
  4953 | D:5      | Gained mutation: You have a pair of horns on your head.
                  | [demonic ancestry]
  4953 | D:5      | Reached XP level 8. HP: 43/62 MP: 11/11
  4990 | D:5      | Reached skill level 2 in Polearms
  5250 | D:5      | Reached skill level 3 in Polearms
  5914 | D:6      | Reached **** piety under Lugonu
  5949 | D:6      | Found a stormy altar of Qazlal.
  6062 | D:6      | Gained mutation: You are frail. (-10% HP) [potion of
                  | mutation]
  6062 | D:6      | Gained mutation: You possess an exceptional clarity of
                  | mind. [potion of mutation]
  6069 | D:6      | Lost mutation: You are frail. (-10% HP) [potion of
                  | mutation]
  6069 | D:6      | Lost mutation: You possess an exceptional clarity of mind.
                  | [potion of mutation]
  6069 | D:6      | Gained mutation: You have supernaturally acute eyesight.
                  | (SInv) [potion of mutation]
  6069 | D:6      | Gained mutation: Your muscles are strong. (Str +4, Int/Dex
                  | -1) [potion of mutation]
  6069 | D:6      | Gained mutation: Your movements are slightly less
                  | encumbered by armour. (ER -2) [potion of mutation]
  6069 | D:6      | Gained mutation: You are somewhat resistant to further
                  | mutation. [potion of mutation]
  6195 | D:6      | Reached skill level 4 in Polearms
  6545 | D:6      | Noticed a two-headed ogre
  6549 | D:6      | Killed a two-headed ogre
  6550 | D:6      | Reached skill level 5 in Polearms
  6550 | D:6      | Gained mutation: When seriously injured, your blood forms
                  | armour. (AC +6) [demonic ancestry]
  6550 | D:6      | Reached XP level 9. HP: 42/69 MP: 12/12
  6587 | D:6      | Reached skill level 5 in Invocations
  6600 | D:6      | Found a shimmering blue altar of Sif Muna.
  6823 | D:6      | Reached skill level 6 in Polearms
  6891 | D:6      | Found Ehokkof's One-of-a-Kind Rings.
  7044 | D:6      | Bought a +3 ring of strength for 150 gold pieces
  7335 | D:7      | Reached skill level 1 in Evocations
  7413 | D:7      | Found a staircase to the Ecumenical Temple.
  7575 | Temple   | Entered the Ecumenical Temple
  7753 | D:7      | Found a burning altar of Makhleb.
  7852 | D:7      | Got Starting the Hermit's Heritage
  7982 | D:7      | Found an ornate altar of the Wu Jian Council.
  8052 | D:7      | Reached skill level 7 in Polearms
  8427 | D:7      | Reached ***** piety under Lugonu
  8554 | D:8      | Noticed Maurice
  8568 | D:8      | Killed Maurice
  8612 | D:8      | Reached XP level 10. HP: 73/77 MP: 13/13
  8666 | D:8      | Found Tacsases's Weapon Shop.
  8857 | D:8      | Noticed Grum
  8864 | D:8      | Reached skill level 8 in Polearms
  8871 | D:8      | Killed Grum
  9543 | D:8      | Noticed Psyche
  9551 | D:8      | Killed Psyche
  9573 | D:8      | HP: 3/118 [orc priest/divine providence (15)]
  9579 | D:8      | Reached skill level 9 in Polearms
  9985 | D:8      | Found a staircase to the Lair.
 10487 | D:9      | Noticed Erica
 10495 | D:9      | Killed Erica
 11731 | D:10     | Entered Level 10 of the Dungeon
 12080 | D:10     | Found Inoevog's Weapon Emporium.
 12087 | D:10     | Reached XP level 11. HP: 63/84 MP: 14/14
 12456 | D:10     | Found a staircase to the Orcish Mines.
 12492 | D:10     | Reached skill level 10 in Polearms
 12796 | D:10     | Found a snail-covered altar of Cheibriados.
 13079 | D:11     | Reached skill level 1 in Necromancy
 13092 | D:11     | Found a frozen archway.
 13129 | IceCv    | Entered an ice cave
 13129 | IceCv    | Noticed a white ugly thing
 13475 | D:11     | Noticed a five-headed hydra
 13483 | D:11     | Killed an eight-headed hydra
 14417 | D:11     | Reached skill level 11 in Polearms
 14417 | D:11     | Noticed a boulder beetle
 14417 | D:11     | Noticed a two-headed ogre
 14417 | D:11     | Found the +6 shillelagh "Devastator" {shatter}
 14422 | D:11     | Killed a two-headed ogre
 14433 | D:11     | Killed a boulder beetle
 14996 | D:12     | Learned a level 3 spell: Vampiric Draining
 15310 | D:12     | Found Bomixug's Magic Scroll Shop.
 15327 | D:12     | Slain by a manticore

Illustrated notes

Levels and vault maps discovered:
D:1:      ldierk_walled_garden_2, layout_loops_cross,
          hellmonk_ecumenical_altar_crossroads
D:2:      layout_basic, serial_shops, nicolae_shop_behind_doors,
          grunt_ministairs_12
D:3:      layout_basic, ashenzari_conservatory_becter, okawaru_trees_2,
          minmay_misc_feat_hallway, minmay_misc_feat_enclosed
D:4:      layout_loops_corners, nicolae_overflow_hidden_temple, serial_shops,
          nicolae_shop_window_shopping, kennysheep_cross_room,
          kennysheep_generic_room_6, uniq_grinder
D:5:      layout_gridville, nicolae_underground_beach
D:6:      layout_rooms, mainiacjoe_overflow_paths, mainiacjoe_overflow_24_doors,
          portal_sewer_entry_f, chequers_hall_statues_corner_a,
          nicolae_shop_unique_rings, dreamdust_gnoll_farm
D:7:      layout_basic, lemuel_tele_altar, nicolae_overflow_crystal_walls,
          minmay_temple_entry_sparse_star, serial_corexii_hall,
          chequers_hall_statues_corner_a, chequers_hall_statues_corner_a
D:8:      layout_cave_pools, erik_lair_dragon, serial_shops,
          nicolae_take_the_stairs, roderic_lattice_a, uniq_maurice, uniq_psyche,
          uniq_grum
D:9:      layout_loops_ring, hangedman_decor_points,
          chequers_serial_rivers_small_3, uniq_erica
D:10:     layout_basic, slow_altar_2, david_orc_3, kennysheep_small_circle
D:11:     layout_loops_ring, portal_ice_cave_entry_pillars_1, special_room
          [special_room_orc], minmay_stone_trees_medium,
          dilly_guarded_unrand_devastator
D:12:     layout_basic, serial_shops, nicolae_shop_waterfront,
          minmay_alternating_orb
Temple:   nicolae_temple_superstar

Skill      XL: |  1  2  3  4  5  6  7  8  9 10 11 |
---------------+----------------------------------+-----
Maces & Flails | 2 3 4 |  4.2
Armour         | 2 3 4 5 6 7 8 |  8.4
Dodging        | 1 |  1.3
Fighting       | 4 5 6 7 8 |  8.5
Spellcasting   | 1 2 |  2.1
Polearms       | 1 5 7 9 11 | 11.3
Invocations    | 3 4 5 |  5.0
Evocations     | 2 4 |  4.0
Necromancy     | 3 |  3.0

Action                   |  1- 3 |  4- 6 |  7- 9 | 10-12 || total
-------------------------+-------+-------+-------+-------++-------
Melee: Mace              |   234 |    78 |     8 |       ||   320
       Punch             |     5 |     1 |       |       ||     6
       Headbutt          |       |    11 |    30 |    36 ||    77
       Halberd           |       |       |   167 |   173 ||   340
Invok: Depart the Abyss  |     1 |       |       |       ||     1
  Use: Scroll            |     3 |     5 |     8 |     3 ||    19
       Potion            |     2 |       |     4 |     8 ||    14
Armor: Leather armour    |    27 |       |       |       ||    27
       Plate armour      |    68 |    56 |   136 |   155 ||   415
       Scale mail        |     6 |       |       |       ||     6
Dodge: Dodged            |    64 |    19 |    76 |    99 ||   258

Table legend: (Time is in decaauts)
 A = Elapsed time spent in this place.
 B = Non-inter-level travel time spent in this place.
 C = Inter-level travel time spent in this place.
 D = Time resting spent in this place.
 E = Time spent auto-exploring this place.
 F = Levels seen in this place.
 G = Mean time per level.
                   A        B        C        D        E       F      G
               +--------+--------+--------+--------+--------+-----+--------+
         Total |  15468 |  15465 |      3 |   3402 |   3909 |  15 | 1031.2 |
       Dungeon |  15301 |  15298 |      3 |   3402 |   3896 |  12 | 1275.1 |
        Temple |    121 |    121 |      0 |      0 |      0 |   1 |  121.0 |
         Abyss |     41 |     41 |      0 |      0 |     13 |   1 |   41.0 |
      Ice Cave |      4 |      4 |      0 |      0 |      0 |   1 |    4.0 |
               +--------+--------+--------+--------+--------+-----+--------+

Top non-repeatable levels by time:
    D:11: 1963 daAuts
     D:8: 1830 daAuts
     D:4: 1796 daAuts
     D:6: 1456 daAuts
     D:9: 1334 daAuts
     D:5: 1279 daAuts
    D:10: 1241 daAuts
     D:7: 1167 daAuts
     D:2: 1149 daAuts
     D:3: 880 daAuts
     D:1: 833 daAuts
    D:12: 367 daAuts
  Temple: 121 daAuts
 Abyss:1: 41 daAuts
   IceCv: 4 daAuts
